 Dungeon Crawl Stone Soup version 0.30.0-15-g856e2d3f33 (webtiles) character file.

Game seed: 17947711086619909645

2 CaptainMV the Insei (level 1, 0/13 HPs)
             Began as a Demonspawn Wanderer on May 18, 2023.
             Slain by an endoplasm (1 damage)
             ... on level 1 of the Dungeon.
             The game lasted 00:01:50 (97 turns).

CaptainMV the Insei (Demonspawn Wanderer)             Turns: 97, Time: 00:01:50

Health: 0/13       AC:  2    Str:  8    XL:     1   Next: 33%
Magic:  2/2        EV: 10    Int: 12    God:
Gold:   0          SH:  4    Dex: 17    Spells: 1/2 levels left

rFire   . . .        a - +1 dagger
rCold   . . .        c - +0 buckler
rNeg    . . .        e - +0 robe
rPois   .            (no helmet)
rElec   .            (no cloak)
rCorr   .            (no gloves)
SInv    .            (no boots)
Will    .....        (no amulet)
Stlth   ++           (no ring)
HPRegen 0.22/turn    (no ring)
MPRegen 0.08/turn

%: no passive effects
@: no status effects
A: no striking features
a: no special abilities


You were on level 1 of the Dungeon.
You visited 1 branch of the dungeon, and saw 1 of its levels.

Inventory:

Hand Weapons
 a - a +1 dagger (weapon)
Armour
 c - a +0 buckler (worn)
 e - a +0 robe (worn)
Scrolls
 f - a scroll of blinking
Potions
 b - a potion of might
 d - a potion of berserk rage
 g - a potion of cancellation {unknown}


   Skills:
 + Level 1.7 Shields
 + Level 3.7 Unarmed Combat
 + Level 1.0 Spellcasting
 + Level 2.0 Conjurations
 + Level 1.2 Invocations


You had one spell level left.
You knew the following spells:

 Your Spells              Type           Power      Damage    Failure   Level
a - Shock                 Conj/Air       12%        1d3       30%         1

Your spell library contained the following spells:

 Spells                   Type           Power      Damage    Failure   Level
 Apportation              Tloc           0%         N/A       43%         1
 Mephitic Cloud           Conj/Pois/Air  2%         N/A       71%         3
 Alistair's Intoxication  Tmut/Pois      0%         N/A       100%        5


Dungeon Overview and Level Annotations

Branches:
Dungeon (1/15)

Altars:


Message History

You open the door.
There is an open door here.
A rat comes into view.
You block the rat's attack.
You barely miss the rat. The rat bites you but does no damage.
You hit the rat.
You kill the rat!
You see here a rat corpse.
A bat comes into view.
Found a scroll labelled GEIFRO SELYKU.
The bat barely misses you. The bat closely misses you.
Found 9 gold pieces.
The bat hits you but does no damage.
You closely miss the bat. The bat hits you. The bat hits you.
You barely miss the bat. The bat hits you but does no damage. x2
You hit the bat.
You kill the bat!
h - a scroll labelled GEIFRO SELYKU
As you read the scroll labelled GEIFRO SELYKU, it crumbles to dust.
It is a scroll of enchant weapon.
Your +0 dagger glows red for a moment.
Found a book of Party Tricks.
You pick up a book of Party Tricks and begin reading...
You add the spells Apportation and Alistair's Intoxication to your library.
An endoplasm comes into view.
The endoplasm quivers.
The endoplasm freezes you.
You are frozen.
You hit the endoplasm but do no damage. You block the endoplasm's attack.
You hit the endoplasm.
The endoplasm is moderately wounded.
The endoplasm freezes you.
You are frozen.
The endoplasm freezes you.
You are frozen.
* * * LOW HITPOINT WARNING * * *
You hit the endoplasm.
The endoplasm is heavily wounded.
The endoplasm hits you.
You die...

###############
......J@......#
#...#########.#
# #.##########
#..........#
##########.#
..##.# #.##.#
#.##.# #.##.#


You could see an endoplasm.

Vanquished Creatures
  A kobold (D:1)
  A bat (D:1)
  A rat (D:1)
3 creatures vanquished.

Notes
Turn   | Place    | Note
-------+----------+-------------------------------------------
     0 | D:1      | CaptainMV the Demonspawn Wanderer began the quest for the
                  | Orb.
     0 | D:1      | CaptainMV set off with the following items: a +0 dagger, a
                  | potion of might, a +0 buckler, a potion of berserk rage, a
                  | +0 robe, a scroll of blinking; and the following spell
                  | memorised: Shock; and the following spells available to
                  | memorise: Mephitic Cloud.
     0 | D:1      | Reached XP level 1. HP: 13/13 MP: 2/2
    97 | D:1      | Slain by an endoplasm

Illustrated notes

Levels and vault maps discovered:
D:1:      minmay_arrival_four_loops, layout_loops_ring

Action                     || total
---------------------------++-------
  Melee: Dagger            ||    13
    Use: Scroll            ||     1
 Armour: Robe              ||     4
  Dodge: Dodged            ||     4
  Block: Buckler           ||     2
